[Event "Titled Tuesday Blitz March 15 Early 2022"]
[White "Samunenkov, Ihor"]
[Black "Rengifo Blancas, Renzo Jhonathan"]
[WhiteFideId "14187086"]
[BlackFideId "3807185"]
[WhiteElo "2409"]
[BlackElo "2058"]
[Result "1-0"]
[Round "01"]
[TimeControl "180+1"]
[Date "2022.03.15"]
[WhiteClock "0:00:19"]
[BlackClock "0:00:06"]

1. d4 d5 2. c4 c6 3. Nf3 Nf6 4. g3 Bf5 5. Nc3 e6 6. Nh4 Bg4 7. f3 Bh5 8. Qb3 Qb6 9. Qxb6 axb6 10. g4 Bg6 11. g5 Nfd7 12. cxd5 exd5 13. e4 Na6 14. Bxa6 Rxa6 15. exd5 Bb4 16. dxc6 bxc6 17. Kf2 O-O 18. Nxg6 fxg6 19. a3 Bxc3 20. bxc3 b5 21. Re1 Nb6 22. Re6 Nc4 23. Ra2 Kf7 24. Rae2 Rc8 25. Re7+ Kf8 26. Rb7 Re8 27. Rxe8+ Kxe8 28. Rxg7 Nxa3 29. Rxh7 Nb1 30. h4 Nxc3 31. h5 gxh5 32. g6 Nd5 33. Rh8+ Ke7 34. g7 Nf6 35. Bg5 Ra2+ 36. Kg3 h4+ 37. Bxh4 Kf7 38. Bxf6 Kxf6 39. g8=Q Kf5 40. Qxa2 c5 41. Qf7+ Kg5 42. Rh5# 1-0


[Site "https://www.chess.com"]

[Event "Titled Tuesday Blitz March 15 Early 2022"]
[White "San, Thit Lwin"]
[Black "Bodnaruk, Anastasia"]
[WhiteFideId "13001272"]
[BlackFideId "4181751"]
[WhiteElo "2232"]
[BlackElo "2393"]
[Result "0-1"]
[Round "01"]
[TimeControl "180+1"]
[Date "2022.03.15"]
[WhiteClock "0:00:06"]
[BlackClock "0:01:16"]

1. Nf3 Nf6 2. c4 g6 3. Nc3 Bg7 4. e4 d6 5. d4 O-O 6. Be2 e5 7. O-O Nc6 8. d5 Ne7 9. b4 a5 10. Ba3 axb4 11. Bxb4 b6 12. a4 Ne8 13. Nd2 c5 14. dxc6 Nxc6 15. Qb1 f5 16. Rd1 Nd4 17. Bf1 f4 18. f3 g5 19. Nb5 g4 20. Nxd4 exd4 21. Qd3 Nc7 22. Be2 h5 23. a5 Na6 24. Qa3 Nxb4 25. Qxb4 bxa5 26. Qb3 Be6 27. Qd3 a4 28. Rdc1 Qg5 29. Qa3 Qc5 30. Qa2 d3+ 31. Kh1 dxe2 0-1


[Site "https://www.chess.com"]

[Event "Titled Tuesday Blitz March 15 Early 2022"]
[White "Santos Ruiz, Miguel"]
[Black "Hoffmann, Asa"]
[WhiteFideId "22291482"]
[BlackFideId "2001470"]
[WhiteElo "2486"]
[BlackElo "2117"]
[Result "1-0"]
[Round "01"]
[TimeControl "180+1"]
[Date "2022.03.15"]
[WhiteClock "0:01:04"]
[BlackClock "0:00:27"]

1. e4 d6 2. d4 Nf6 3. Nc3 c6 4. f4 Qa5 5. Bd3 e5 6. Nf3 exd4 7. Nxd4 Qb6 8. Nb3 a5 9. Qe2 a4 10. Be3 Qb4 11. a3 axb3 12. axb4 Rxa1+ 13. Kd2 Rxh1 14. e5 dxe5 15. fxe5 Ng4 16. Ba7 bxc2 17. Bxc2 Na6 18. e6 Bxe6 19. Bf5 Nf6 20. Bxe6 fxe6 21. Qxe6+ Be7 22. Qc8+ Bd8 23. Qxb7 O-O 24. Qxa6 Rxh2 25. Qxc6 Be7 26. b5 Rd8+ 27. Kc2 h5 28. b6 h4 29. b7 Bd6 30. Qxd6 1-0


[Site "https://www.chess.com"]

[Event "Titled Tuesday Blitz March 15 Early 2022"]
[White "Shimanov, Aleksandr"]
[Black "Martic, Ivan"]
[WhiteFideId "4198603"]
[BlackFideId "929301"]
[WhiteElo "2636"]
[BlackElo "2317"]
[Result "0-1"]
[Round "01"]
[TimeControl "180+1"]
[Date "2022.03.15"]
[WhiteClock "0:01:16"]
[BlackClock "0:00:49"]

1. d4 Nf6 2. Nf3 g6 3. g3 Bg7 4. Bg2 O-O 5. O-O d6 6. b3 c5 7. Bb2 Nc6 8. d5 Na5 9. Re1 b5 10. e4 Bg4 11. Nbd2 a6 12. h3 Bxf3 13. Nxf3 Nd7 14. Bxg7 Kxg7 15. Qd2 f6 16. h4 Nb7 17. Bh3 Ne5 18. Nh2 a5 19. f4 Nf7 20. Nf3 Qb6 21. Kg2 a4 22. h5 axb3 23. axb3 Ra6 24. hxg6 hxg6 25. Nh4 Rfa8 26. Rxa6 Rxa6 27. Qe2 Qa5 28. Rf1 Qc3 29. Rf2 Ra2 30. Qg4 Nh8 31. Qg5 fxg5 0-1


[Site "https://www.chess.com"]

[Event "Titled Tuesday Blitz March 15 Early 2022"]
[White "Skliarov, Viktor"]
[Black "Quirke, Jeffrey"]
[WhiteFideId "14106736"]
[BlackFideId "2013029"]
[WhiteElo "2229"]
[BlackElo "2257"]
[Result "1-0"]
[Round "01"]
[TimeControl "180+1"]
[Date "2022.03.15"]
[WhiteClock "0:00:19"]
[BlackClock "0:00:01"]

1. e4 c5 2. Nf3 e6 3. c3 Nf6 4. Bd3 d5 5. e5 Nfd7 6. Bc2 Nc6 7. d4 Be7 8. O-O b6 9. a3 Bb7 10. b4 cxd4 11. cxd4 Rc8 12. Nbd2 O-O 13. Re1 Re8 14. Nf1 f6 15. Qd3 Nf8 16. exf6 Bxf6 17. Bf4 Nxd4 18. Nxd4 Bxd4 19. Qxd4 Rxc2 20. Ne3 Rc8 21. Be5 Qe7 22. Rac1 Ng6 23. h3 Nxe5 24. Qxe5 Qf6 25. Ng4 Qxe5 26. Nxe5 Kf8 27. f4 Ke7 28. Kf2 a6 29. g3 Rxc1 30. Rxc1 Rc8 31. Rxc8 Bxc8 32. Ke3 Bd7 33. Kd4 Be8 34. Nf3 Kd6 35. Ng5 h6 36. Nf3 Bg6 37. Ne5 Be8 38. g4 a5 39. h4 axb4 40. axb4 g6 41. g5 hxg5 42. hxg5 Ke7 43. Ng4 Kd6 44. Nf6 1-0


[Site "https://www.chess.com"]

[Event "Titled Tuesday Blitz March 15 Early 2022"]
[White "Slugin, Sergey"]
[Black "Moroni, Luca Jr"]
[WhiteFideId "4122569"]
[BlackFideId "865834"]
[WhiteElo "2358"]
[BlackElo "2573"]
[Result "1/2-1/2"]
[Round "01"]
[TimeControl "180+1"]
[Date "2022.03.15"]
[WhiteClock "0:00:10"]
[BlackClock "0:00:24"]

1. c4 g6 2. Nf3 Bg7 3. g3 d6 4. Bg2 Bd7 5. h4 Nf6 6. Nc3 c5 7. d4 cxd4 8. Nxd4 Nc6 9. Nc2 Rc8 10. b3 O-O 11. Bb2 Qa5 12. O-O Qh5 13. Ne3 b6 14. Qd2 g5 15. hxg5 Qxg5 16. Rad1 Qh5 17. Ncd5 Nxd5 18. Nxd5 Bxb2 19. Qxb2 Qg5 20. Rd3 Be6 21. Nf4 Bf5 22. Rd5 Ne5 23. Rxe5 dxe5 24. Qxe5 h6 25. Nd5 Rfe8 26. f4 Qg6 27. Nxe7+ Rxe7 28. Qxe7 Qxg3 29. Rf3 Qg7 30. Kh2 Bg4 31. Rg3 h5 32. Bf3 f5 33. Qe6+ Kh7 34. Qxc8 Qf6 35. Qd7+ Kh8 36. Bxg4 fxg4 37. Re3 Qxf4+ 38. Rg3 Qf2+ 39. Rg2 Qh4+ 40. Kg1 Qe1+ 41. Kh2 Qh4+ 42. Kg1 Qe1+ 43. Kh2 Qh4+ 1/2-1/2


[Site "https://www.chess.com"]

[Event "Titled Tuesday Blitz March 15 Early 2022"]
[White "Tabatabaei, M. Amin"]
[Black "Pourkashiyan, Atousa"]
[WhiteFideId "12521213"]
[BlackFideId "12502014"]
[WhiteElo "2544"]
[BlackElo "2247"]
[Result "1-0"]
[Round "01"]
[TimeControl "180+1"]
[Date "2022.03.15"]
[WhiteClock "0:00:14"]
[BlackClock "0:00:06"]

1. d4 Nf6 2. Nf3 d5 3. c3 c5 4. dxc5 a5 5. c4 e6 6. Nc3 Bxc5 7. cxd5 Nxd5 8. Nxd5 exd5 9. g3 Qb6 10. e3 Nc6 11. Bg2 d4 12. exd4 Nxd4 13. O-O O-O 14. Nxd4 Bxd4 15. Qb3 Qxb3 16. axb3 Be6 17. Ra4 Rfd8 18. b4 Bc4 19. Re1 Re8 20. Be3 Bxb2 21. bxa5 b5 22. Bxa8 bxa4 23. Bc6 Rc8 24. Bxa4 Bc3 25. Rc1 Bxa5 26. Bd7 Rc7 27. Bg4 h6 28. Bf4 Rc5 29. Be2 g5 30. Be3 Bxe2 31. Rxc5 Bb4 32. Rc8+ Kg7 33. Bd4+ Kg6 34. Rc6+ Kf5 35. Rxh6 g4 36. h3 gxh3 37. Rxh3 Ke4 38. Rh4+ Kf3 39. Rf4# 1-0


[Site "https://www.chess.com"]

[Event "Titled Tuesday Blitz March 15 Early 2022"]
[White "Tarhan, Adar"]
[Black "Deac, Bogdan-Daniel"]
[WhiteFideId "34544712"]
[BlackFideId "1226380"]
[WhiteElo "1802"]
[BlackElo "2646"]
[Result "0-1"]
[Round "01"]
[TimeControl "180+1"]
[Date "2022.03.15"]
[WhiteClock "0:00:11"]
[BlackClock "0:00:06"]

1. e4 g6 2. d4 Bg7 3. Nc3 c6 4. Be3 d5 5. e5 Nh6 6. Bd3 Ng4 7. Bf4 Qb6 8. Nge2 f6 9. exf6 Nxf6 10. Qd2 Qxb2 11. O-O Qb6 12. Ng3 O-O 13. Rfe1 Qd8 14. Bh6 Qd6 15. Bxg7 Kxg7 16. Qg5 Ng8 17. Re5 Nd7 18. Re3 Ndf6 19. Rae1 Kh8 20. Qh4 Ng4 21. R3e2 Qf6 22. Qxf6+ N4xf6 23. h3 Bd7 24. Re5 Rac8 25. Nce2 Ne8 26. f4 Nd6 27. c3 e6 28. Rf1 Nf6 29. Nc1 Nf5 30. Bxf5 gxf5 31. Nd3 b6 32. Re3 c5 33. Ne5 Be8 34. Nf3 Ne4 35. Ng5 Bd7 36. N3xe4 fxe4 37. g4 cxd4 38. cxd4 h6 39. h4 hxg5 40. hxg5 Kg7 41. Kg2 Rc4 42. Rh1 Rc2+ 43. Kf1 Rxf4+ 44. Ke1 Rc1+ 45. Kd2 Rxh1 0-1


[Site "https://www.chess.com"]

[Event "Titled Tuesday Blitz March 15 Early 2022"]
[White "Tari, Aryan"]
[Black "Martin Carmona, Gaston Manuel"]
[WhiteFideId "1510045"]
[BlackFideId "22284567"]
[WhiteElo "2567"]
[BlackElo "2161"]
[Result "1/2-1/2"]
[Round "01"]
[TimeControl "180+1"]
[Date "2022.03.15"]
[WhiteClock "0:00:11"]
[BlackClock "0:00:11"]

1. e4 e6 2. d4 d5 3. Nc3 Bb4 4. exd5 exd5 5. Bd3 Nf6 6. Nf3 O-O 7. O-O Bg4 8. Bg5 c6 9. Be2 Nbd7 10. Ne5 Bxe2 11. Nxe2 Be7 12. Nd3 Ne4 13. Bxe7 Qxe7 14. c3 Rae8 15. Ng3 Nxg3 16. hxg3 Qd6 17. Qb3 b6 18. Rae1 Nf6 19. Qa4 Qc7 20. Nb4 b5 21. Qa6 Rc8 22. Re2 Ne4 23. Rfe1 f5 24. f3 Nxg3 25. Re7 Qf4 26. Nd3 Qh4 27. Nf2 Ne4 28. R1xe4 fxe4 29. Qb7 exf3 30. Rxg7+ Kh8 31. Rg4 Qh6 32. g3 Rg8 33. Qd7 Rxg4 34. Nxg4 Qf8 35. Kf2 Re8 36. Ne5 Re7 37. Qxc6 Qf5 38. Qxd5 Kg7 39. Qd6 Qf6 40. Qxf6+ Kxf6 41. Kxf3 Ke6 42. Ke4 Rg7 43. g4 Rg5 44. b3 Rg8 45. c4 bxc4 46. bxc4 Rb8 47. d5+ Kd6 48. Kd4 Rb2 49. c5+ Ke7 50. d6+ Ke6 51. Nc4 Rxa2 52. c6 Ra1 53. Kc5 Rc1 54. c7 Kd7 55. Kd5 Rd1+ 56. Kc5 Rc1 57. g5 a5 58. Kb5 a4 59. Nb6+ Kxd6 60. c8=Q Rxc8 61. Nxc8+ Ke5 62. Kxa4 Kf5 63. Nd6+ Kxg5 64. Ne4+ Kf4 65. Nf2 h5 66. Kb3 Kg3 67. Ne4+ Kg2 68. Kc3 h4 69. Ng5 Kg3 70. Kd3 Kg4 71. Ke2 Kxg5 72. Kf2 Kg4 73. Kg1 Kg3 74. Kh1 h3 75. Kg1 h2+ 76. Kh1 Kh3 1/2-1/2


[Site "https://www.chess.com"]

[Event "Titled Tuesday Blitz March 15 Early 2022"]
[White "Tay, Junior"]
[Black "Wagh Suyog"]
[WhiteFideId "5800439"]
[BlackFideId "25071688"]
[WhiteElo "2216"]
[BlackElo "2181"]
[Result "0-1"]
[Round "01"]
[TimeControl "180+1"]
[Date "2022.03.15"]
[WhiteClock "0:00:03"]
[BlackClock "0:00:02"]

1. e4 c6 2. Nf3 d5 3. exd5 cxd5 4. Ne5 Nc6 5. d4 Qb6 6. c3 Bf5 7. Qf3 e6 8. Nd2 Nf6 9. Be2 Bd6 10. Nxc6 Qxc6 11. O-O O-O-O 12. Bd3 Ne4 13. Re1 Ng5 14. Qe2 Qc7 15. h3 h5 16. c4 Bf4 17. cxd5 Rxd5 18. Nf3 Nxf3+ 19. Qxf3 Bd6 20. Be3 Bxd3 21. Rac1 Bc2 22. Rxc2 Qxc2 23. Rc1 Qxc1+ 24. Bxc1 f6 25. Qe4 Re8 26. Be3 f5 27. Qh4 Kd7 28. f4 Be7 29. Qxh5 Bf6 30. Qg6 Re7 31. Qh7 Bxd4 32. Bxd4 Rxd4 33. Qh4 Rd1+ 34. Kh2 Rd2 35. Qg3 Rd5 36. Qe3 b6 37. Qa3 Ke8 38. Qa4+ Kf7 39. Qc4 Red7 40. Qc8 R5d6 41. b4 Rd4 42. b5 R4d5 43. Qc6 R5d6 44. Qc4 Rd5 45. Qc6 Re7 46. a4 Rc5 47. Qf3 Rc4 48. Qb3 Rxf4 49. Kg3 Rd4 50. Kh2 Red7 51. Qc3 Rxa4 52. Qc6 Rad4 53. h4 R4d6 54. Qc4 Rd4 55. Qc6 Rxh4+ 56. Kg3 Rhd4 57. Kf2 Rd2+ 58. Kg1 R2d6 59. Qc8 Rd1+ 60. Kh2 R1d5 61. Qh8 f4 62. Qh4 Rf5 63. Qg4 Rdd5 64. Qf3 Rxb5 65. Qb7+ Kf6 66. Qxa7 f3 67. Qa1+ Kf7 68. Qa7+ Kg6 69. g4 Rf7 70. Qa4 f2 71. Qxb5 f1=Q 72. Qh5+ Kf6 73. g5+ Ke7 74. Qh4 Rf2+ 75. Kg3 Qg2# 0-1


[Site "https://www.chess.com"]

[Event "Titled Tuesday Blitz March 15 Early 2022"]
[White "Thavandiran, Shiyam"]
[Black "Jaskolka, Tomasz"]
[WhiteFideId "2605058"]
[BlackFideId "1170791"]
[WhiteElo "2357"]
[BlackElo "2073"]
[Result "1-0"]
[Round "01"]
[TimeControl "180+1"]
[Date "2022.03.15"]
[WhiteClock "0:02:11"]
[BlackClock "0:00:57"]

1. e4 c5 2. Nf3 e6 3. d4 cxd4 4. Nxd4 Nc6 5. Nb5 d6 6. c4 Nf6 7. N5c3 Be7 8. Be2 O-O 9. O-O a6 10. Bf4 e5 11. Be3 Be6 12. Nd2 Nd7 13. Rb1 f5 14. exf5 Bxf5 15. Nde4 Nf6 16. Bd3 Nb4 17. Nxf6+ Rxf6 18. Bxf5 Rxf5 19. Qb3 Nc6 20. Qxb7 Na5 21. Qd5+ Kh8 22. b4 1-0


[Site "https://www.chess.com"]

[Event "Titled Tuesday Blitz March 15 Early 2022"]
[White "Thomas, Anysia"]
[Black "Mitusov, Semen"]
[WhiteFideId "670472"]
[BlackFideId "14151049"]
[WhiteElo "2002"]
[BlackElo "2265"]
[Result "1-0"]
[Round "01"]
[TimeControl "180+1"]
[Date "2022.03.15"]
[WhiteClock "0:00:06"]
[BlackClock "0:00:09"]

1. d4 d5 2. c4 dxc4 3. Nf3 Nf6 4. Nc3 a6 5. e4 e6 6. Bxc4 b5 7. Bd3 Bb7 8. a3 c5 9. dxc5 Bxc5 10. Bg5 h6 11. Bh4 Be7 12. O-O O-O 13. Qe2 Nfd7 14. Bg3 Nc6 15. Rfd1 Qb6 16. Rac1 Rad8 17. Bb1 Nc5 18. Bc2 Rxd1+ 19. Rxd1 Rd8 20. Bf4 Rxd1+ 21. Qxd1 Qd8 22. Qe2 Nd4 23. Nxd4 Qxd4 24. Be3 Qd7 25. h3 e5 26. b4 Ne6 27. Qg4 Nf8 28. Qg3 Qd6 29. Nd5 Ng6 30. Bb3 Bh4 31. Qg4 Kh7 32. g3 Bd8 33. h4 Bxd5 34. Bxd5 Qc7 35. h5 Nf8 36. Qf5+ Kg8 37. Qg4 Qd6 38. Bc5 Qf6 39. Qc8 Be7 40. Be3 Qd6 41. Qg4 Qd8 42. Bxh6 Bf6 43. Be3 Qc7 44. h6 g6 45. Kg2 Qd6 46. Bg5 Kh7 47. Bxf6 Qxf6 48. Qe2 Qe7 49. Qg4 Nd7 50. Bc6 Nf6 51. Qe2 Qd6 52. Qc2 Kxh6 53. Bb7 Kg7 54. Bc8 Qd4 55. Bb7 Ng4 56. Qe2 Nf6 57. Qf3 Nd7 58. Bd5 Nf6 59. g4 Qb2 60. g5 Nxd5 61. exd5 Qd4 62. Qf6+ Kg8 63. Qd8+ Kh7 64. Qd7 Qg4+ 65. Qxg4 Kg7 66. Qh4 1-0


[Site "https://www.chess.com"]

[Event "Titled Tuesday Blitz March 15 Early 2022"]
[White "Tomb, Maroun"]
[Black "Horcajuelo Rocamora, Martin"]
[WhiteFideId "5300398"]
[BlackFideId "24573027"]
[WhiteElo "2554"]
[BlackElo "1706"]
[Result "0-1"]
[Round "01"]
[TimeControl "180+1"]
[Date "2022.03.15"]
[WhiteClock "0:00:19"]
[BlackClock "0:00:18"]

1. e4 e5 2. Nf3 Nc6 3. Bb5 Nf6 4. d4 Nxe4 5. O-O Nd6 6. dxe5 Nxb5 7. a4 Nbd4 8. Nxd4 Nxd4 9. Qxd4 d5 10. exd6 Qxd6 11. Re1+ Be6 12. Qe4 O-O-O 13. Nc3 c6 14. Be3 Qb4 15. Bxa7 Qxb2 16. Qf3 Bb4 17. Qf4 Qxc3 18. Qb8+ Kd7 19. Rad1+ Ke7 20. Qc7+ Kf6 21. Qf4+ Kg6 22. Bd4 Rxd4 23. Qxd4 Qxd4 24. Rxd4 Bxe1 25. Kf1 Bc3 26. Rd3 Bc4 0-1


[Site "https://www.chess.com"]

[Event "Titled Tuesday Blitz March 15 Early 2022"]
[White "Urazayev, Arystanbek"]
[Black "Agrest, Evgenij"]
[WhiteFideId "13709810"]
[BlackFideId "1705024"]
[WhiteElo "2393"]
[BlackElo "2574"]
[Result "1-0"]
[Round "01"]
[TimeControl "180+1"]
[Date "2022.03.15"]
[WhiteClock "0:00:40"]
[BlackClock "0:00:02"]

1. d4 d6 2. e4 g6 3. Nf3 Bg7 4. c3 Nc6 5. Bb5 a6 6. Ba4 b5 7. Bb3 e6 8. O-O Nce7 9. a4 Bb7 10. Nbd2 Nf6 11. Re1 O-O 12. h3 c5 13. Qe2 c4 14. Bc2 Qc7 15. Nf1 e5 16. d5 Nh5 17. Be3 f5 18. Ng5 fxe4 19. Ne6 Qd7 20. Nxf8 Rxf8 21. axb5 axb5 22. Ra7 Nc8 23. Ra5 Bxd5 24. Nd2 Qb7 25. b3 cxb3 26. Rxb5 bxc2 27. Rxb7 Bxb7 28. Qb5 Rf7 29. Rc1 Nf4 30. Rxc2 d5 31. Bc5 Nd3 32. Qe8+ Bf8 33. Bxf8 Rxf8 34. Qe6+ Rf7 35. Nb3 Kg7 36. Na5 Re7 37. Qg4 Ba6 38. c4 Nd6 39. cxd5 Nf4 40. Nc6 Re8 41. g3 Ne2+ 42. Rxe2 Bxe2 43. Qd7+ Kh6 44. Qxd6 Ra8 45. Nxe5 Ra1+ 46. Kh2 Rf1 47. Qf8+ Kh5 48. Qf4 g5 49. g4+ Kh4 50. Qg3# 1-0


[Site "https://www.chess.com"]

[Event "Titled Tuesday Blitz March 15 Early 2022"]
[White "Urquhart, Ed"]
[Black "Pakleza, Zbigniew"]
[WhiteFideId "2603748"]
[BlackFideId "1119290"]
[WhiteElo "2184"]
[BlackElo "2467"]
[Result "0-1"]
[Round "01"]
[TimeControl "180+1"]
[Date "2022.03.15"]
[WhiteClock "0:01:13"]
[BlackClock "0:00:25"]

1. e4 d6 2. Nc3 Nf6 3. f4 d5 4. e5 d4 5. exf6 dxc3 6. fxg7 cxd2+ 7. Qxd2 Bxg7 8. Qxd8+ Kxd8 9. Nf3 Bf5 10. c3 e6 11. Be3 Nd7 12. O-O-O Ke7 13. Bd4 Bxd4 14. Nxd4 Be4 15. Rg1 Rhg8 16. g3 Nf6 17. Bg2 Rad8 18. Rde1 Bxg2 19. Rxg2 c5 20. Nf3 Rd5 21. Rge2 b5 22. Re5 a6 23. Rxd5 Nxd5 24. Ne5 f6 25. Nd3 Kd6 26. Nf2 f5 27. Nd3 h5 28. Ne5 h4 29. Nf7+ Kd7 30. Ng5 Rg6 31. Kd2 hxg3 32. hxg3 Rh6 33. Re2 a5 34. Ke1 c4 35. Kf2 b4 36. cxb4 axb4 37. Kg2 Rg6 38. Kf3 Kd6 39. Nf7+ Kc5 40. Ne5 Rg7 41. Rc2 c3 42. bxc3 bxc3 43. g4 fxg4+ 44. Nxg4 Rf7 45. Ne5 Rxf4+ 46. Ke2 Re4+ 47. Kd3 Rxe5 0-1


[Site "https://www.chess.com"]

[Event "Titled Tuesday Blitz March 15 Early 2022"]
[White "Vlassov, Nikolai"]
[Black "Johnson, Ben"]
[WhiteFideId "4103360"]
[BlackFideId "2010917"]
[WhiteElo "2407"]
[BlackElo "2228"]
[Result "1-0"]
[Round "01"]
[TimeControl "180+1"]
[Date "2022.03.15"]
[WhiteClock "0:01:20"]
[BlackClock "0:00:15"]

1. e4 c5 2. c3 Nf6 3. e5 Nd5 4. d4 cxd4 5. cxd4 Nc6 6. Nc3 Nxc3 7. bxc3 d6 8. f4 g6 9. Bd3 Bg7 10. Nf3 Bg4 11. O-O dxe5 12. fxe5 O-O 13. Be3 e6 14. Qd2 Bxf3 15. Rxf3 f5 16. exf6 Bxf6 17. Raf1 Qe7 18. Qc2 Bg7 19. Be4 Rxf3 20. Rxf3 Rf8 21. Rxf8+ Qxf8 22. Qb3 Qd6 23. Qxb7 Ne7 24. Qa8+ Kf7 25. Qxa7 e5 26. d5 Bf6 27. Bc5 Qd8 28. d6 1-0


[Site "https://www.chess.com"]

[Event "Titled Tuesday Blitz March 15 Early 2022"]
[White "Vujnovic, Patricija"]
[Black "Petersson, Kjell"]
[WhiteFideId "14502313"]
[BlackFideId "1705148"]
[WhiteElo "2107"]
[BlackElo "2009"]
[Result "1-0"]
[Round "01"]
[TimeControl "180+1"]
[Date "2022.03.15"]
[WhiteClock "0:00:15"]
[BlackClock "0:00:13"]

1. e4 c5 2. b4 cxb4 3. d4 d6 4. Nf3 Nf6 5. Bd3 g6 6. a3 bxa3 7. Nxa3 Bg7 8. O-O O-O 9. c4 Nc6 10. Bb2 b6 11. Rc1 Bb7 12. Re1 Rc8 13. Bb1 Na5 14. Qe2 Ba6 15. Nd2 Qd7 16. e5 dxe5 17. dxe5 Nh5 18. e6 fxe6 19. Bxg7 Nxg7 20. Nf3 Qa4 21. Qe3 Nxc4 22. Nxc4 Bxc4 23. Qh6 Nf5 24. Bxf5 Rxf5 25. Ng5 Rxg5 26. Qxg5 Qd7 27. h4 Qe8 28. h5 b5 29. h6 Qf7 30. Re3 Rd8 31. Rf3 Qe8 32. Qe5 Qf7 33. Rxf7 Kxf7 34. Qg7+ Ke8 35. Qg8+ Kd7 36. Rd1+ Bd5 37. Qxh7 a5 38. Qxg6 a4 39. h7 a3 40. Qg7 b4 41. h8=Q Rxh8 42. Qxh8 b3 43. Qc3 a2 44. Qxb3 Ke8 45. Qxd5 exd5 46. Ra1 e5 47. Rxa2 Ke7 48. Kf1 Kf6 49. Ke2 Kf5 50. Rd2 Kf4 51. g3+ Kf5 52. Rxd5 Ke6 53. Ra5 1-0


[Site "https://www.chess.com"]

[Event "Titled Tuesday Blitz March 15 Early 2022"]
[White "Winkels, Marcel"]
[Black "Coto Mederos, Michel"]
[WhiteFideId "1003887"]
[BlackFideId "3508528"]
[WhiteElo "1900"]
[BlackElo "2427"]
[Result "0-1"]
[Round "01"]
[TimeControl "180+1"]
[Date "2022.03.15"]
[WhiteClock "0:01:52"]
[BlackClock "0:01:39"]

1. e4 e5 2. Nf3 Nf6 3. d4 Nxe4 4. Bd3 d5 5. Nxe5 Bd6 6. O-O Nd7 7. Nxd7 Bxd7 8. c4 c6 9. Nc3 Nxc3 10. bxc3 O-O 11. Re1 dxc4 12. Bxc4 Qh4 13. g3 Qh3 14. Bf1 Qf5 15. Qd3 Qf6 16. Bg2 Rfe8 17. Bd2 h6 18. Qf3 Qg6 19. Rab1 Bg4 0-1


[Site "https://www.chess.com"]

[Event "Titled Tuesday Blitz March 15 Early 2022"]
[White "Xie, Bryan"]
[Black "Maltsevskaya, Aleksandra"]
[WhiteFideId "30941296"]
[BlackFideId "24174041"]
[WhiteElo "1899"]
[BlackElo "2241"]
[Result "0-1"]
[Round "01"]
[TimeControl "180+1"]
[Date "2022.03.15"]
[WhiteClock "0:00:01"]
[BlackClock "0:01:55"]

1. d4 Nf6 2. Nf3 g6 3. Bf4 d6 4. e3 Nbd7 5. Be2 Bg7 6. h3 O-O 7. O-O b6 8. c4 Bb7 9. Nc3 Ne4 10. Nxe4 Bxe4 11. Nd2 Bb7 12. Bf3 Bxf3 13. Qxf3 e5 14. dxe5 dxe5 15. Bh2 Nc5 16. Rfd1 Qe7 17. Ne4 h5 18. Nxc5 Qxc5 19. Rac1 Rfd8 20. b3 a6 21. Rxd8+ Rxd8 22. Rd1 Rd6 23. Rd5 Qa3 24. Rxd6 cxd6 25. Bg3 Qxa2 26. Qa8+ Kh7 27. Qb7 Qxb3 28. Qxf7 b5 29. Qd5 bxc4 30. Qxd6 c3 31. Bxe5 c2 32. Qe7 c1=Q+ 33. Kh2 Qg8 34. Bf6 Qcc8 35. f4 Qce8 0-1


[Site "https://www.chess.com"]

[Event "Titled Tuesday Blitz March 15 Early 2022"]
[White "Xiong, Jeffery"]
[Black "Khabinets, Ivan"]
[WhiteFideId "2047640"]
[BlackFideId "14115980"]
[WhiteElo "2727"]
[BlackElo "2114"]
[Result "1-0"]
[Round "01"]
[TimeControl "180+1"]
[Date "2022.03.15"]
[WhiteClock "0:01:12"]
[BlackClock "0:00:40"]

1. Nf3 d5 2. g3 Nf6 3. Bg2 e6 4. O-O Be7 5. d3 O-O 6. Nbd2 Nc6 7. c3 e5 8. e4 dxe4 9. dxe4 h6 10. b4 a6 11. Qc2 Bg4 12. h3 Be6 13. Bb2 Qd7 14. Kh2 Rad8 15. Rfe1 Qd3 16. Qxd3 Rxd3 17. Bf1 Rd7 18. Bc4 Rfd8 19. Re2 Bxc4 20. Nxc4 Bd6 21. a4 b5 22. Na3 Rb8 23. Kg2 Kf8 24. axb5 axb5 25. Nc2 Rdd8 26. Ra6 Ne7 27. Na3 c6 28. c4 Bxb4 29. cxb5 cxb5 30. Bxe5 Ra8 31. Rxa8 Rxa8 32. Nxb5 Ra5 33. Nfd4 Nd7 34. Bc7 Ra1 35. Rb2 Bc5 36. Nb3 Bb6 37. Nxa1 1-0


[Site "https://www.chess.com"]

[Event "Titled Tuesday Blitz March 15 Early 2022"]
[White "Zong, Davis"]
[Black "Kamsky, Gata"]
[WhiteFideId "30903955"]
[BlackFideId "2000024"]
[WhiteElo "2061"]
[BlackElo "2645"]
[Result "0-1"]
[Round "01"]
[TimeControl "180+1"]
[Date "2022.03.15"]
[WhiteClock "0:00:47"]
[BlackClock "0:01:29"]

1. d4 f5 2. Nc3 Nf6 3. Bg5 d5 4. e3 e6 5. Bd3 c5 6. Nf3 Nc6 7. O-O a6 8. Ne5 Be7 9. Nxc6 bxc6 10. f3 O-O 11. Qd2 h6 12. Bh4 a5 13. b3 Ba6 14. Bxa6 Rxa6 15. Na4 Nd7 16. Rae1 Bxh4 0-1


[Site "https://www.chess.com"]

[Event "Titled Tuesday Blitz March 15 Early 2022"]
[White "volunteers1998"]
[Black "Williams, Simon K"]
[BlackFideId "404454"]
[WhiteElo "2252"]
[BlackElo "2468"]
[Result "0-1"]
[Round "01"]
[TimeControl "180+1"]
[Date "2022.03.15"]
[WhiteClock "0:01:48"]
[BlackClock "0:01:57"]

1. e4 e6 2. Nf3 b6 3. d4 Bb7 4. Bd3 d6 5. O-O Nd7 6. Be3 g6 7. c4 Bg7 8. Nc3 Ne7 9. Re1 h6 10. Qe2 g5 11. Rad1 Ng6 12. d5 Nde5 13. Nxe5 Bxe5 14. g3 a6 15. Bb1 h5 16. Bd4 Qf6 17. Bxe5 Nxe5 18. Rf1 g4 19. b3 Nf3+ 20. Kh1 Qxc3 0-1


[Site "https://www.chess.com"]

[Event "Titled Tuesday Blitz March 15 Early 2022"]
[White "Aghamaliyev, Cemil"]
[Black "Tsatsalashvili, Keti"]
[WhiteFideId "13400215"]
[BlackFideId "13603434"]
[WhiteElo "2763"]
[BlackElo "2246"]
[Result "1-0"]
[Round "02"]
[TimeControl "180+1"]
[Date "2022.03.15"]
[WhiteClock "0:01:38"]
[BlackClock "0:01:45"]

1. d4 Nf6 2. Nc3 e6 3. Bg5 d5 4. e4 dxe4 5. Nxe4 Be7 6. Bxf6 Bxf6 7. Nf3 O-O 8. Qd2 g6 9. O-O-O Bg7 10. h4 h5 11. Kb1 Nd7 12. g4 hxg4 13. Nfg5 f5 14. Nxe6 Qe7 15. N4g5 Nf6 16. Bc4 Kh8 17. Nxf8 Bxf8 18. Rde1 Qg7 19. Qf4 Nh5 20. Qd2 Bd7 21. Bf7 Rd8 22. d5 Bc8 23. c4 Bc5 24. Be6 Qd4 25. Nf7+ Kg7 26. Qxd4+ Bxd4 27. Nxd8 Bxe6 28. Nxe6+ 1-0


[Site "https://www.chess.com"]

[Event "Titled Tuesday Blitz March 15 Early 2022"]
[White "Agrest, Evgenij"]
[Black "Winkels, Marcel"]
[WhiteFideId "1705024"]
[BlackFideId "1003887"]
[WhiteElo "2574"]
[BlackElo "1900"]
[Result "1-0"]
[Round "02"]
[TimeControl "180+1"]
[Date "2022.03.15"]
[WhiteClock "0:00:18"]
[BlackClock "0:00:05"]

1. Nf3 Nf6 2. c4 c5 3. Nc3 e6 4. g3 d5 5. cxd5 exd5 6. d4 cxd4 7. Nxd4 Nc6 8. Bg2 Bc5 9. Nb3 Bb6 10. Nxd5 Nxd5 11. Qxd5 Qxd5 12. Bxd5 Bh3 13. Be3 Bxe3 14. Bxc6+ bxc6 15. fxe3 O-O 16. Kf2 a5 17. Rhc1 a4 18. Nd4 Rab8 19. Rc2 Bd7 20. Rd1 Rfc8 21. a3 c5 22. Nf3 Be6 23. Rdc1 Rb5 24. Nd4 Ra5 25. Rc3 h6 26. Nxe6 fxe6 27. R1c2 Kf7 28. e4 Kf6 29. Ke3 Ke5 30. Rc4 Rc7 31. Kd3 Kd6 32. Ke3 Rb7 33. Rd2+ Ke5 34. Rdc2 Rb3+ 35. Kd2 Kd6 36. e5+ Kc6 37. Rg4 g5 38. h4 Rab5 39. Kc1 gxh4 40. gxh4 Kd5 41. Rxa4 Kxe5 42. Rac4 Kd5 43. R4c3 Rxc3 44. Rxc3 c4 45. Rg3 Rb8 46. Rg6 h5 47. Rg5+ e5 48. Rxh5 Rg8 49. Rh7 Rg1+ 50. Kd2 Rb1 51. Kc3 Rc1+ 52. Kd2 Rb1 53. Kc2 Re1 54. Rd7+ Kc5 55. Kd2 Rh1 56. Rh7 Rb1 57. Rc7+ Kd5 58. Rb7 Rh1 59. Kc3 Rh3+ 60. Kc2 Rxh4 61. Rb5+ Kd4 62. a4 Rh8 63. a5 Ra8 64. Kd2 e4 65. e3# 1-0


[Site "https://www.chess.com"]